 Dungeon Crawl Stone Soup version 0.26-a0-695-g987792ac36 (webtiles) character file.

Game seed: 1506997922757378744

1087 marklar909 the Cleaver (level 8, -4/70 HPs)
             Began as a Hill Orc Monk on Oct 26, 2020.
             Was a Believer of Qazlal.
             Killed from afar by a white imp (8 damage)
             ... with a puff of frost
             ... on level 6 of the Dungeon.
             The game lasted 00:08:32 (7562 turns).

marklar909 the Cleaver (Hill Orc Monk)              Turns: 7562, Time: 00:08:33

Health: -4/70      AC:  8    Str: 22    XL:     8   Next: 30%
Magic:  8/8        EV: 12    Int: 10    God:    Qazlal [**....]
Gold:   291        SH:  3    Dex: 13    Spells: 7/7 levels left

rFire    . . .     SeeInvis +   a - +0 hand axe
rCold    . . .     Faith    .   (no shield)
rNeg     . . .     Spirit   .   v - +0 scale mail
rPois    .         Reflect  .   (no helmet)
rElec    .         Harm     .   (no cloak)
rCorr    .         Rampage  .   (no gloves)
MR       .....                  m - +0 pair of boots
Stlth    +.........             n - amulet of magic regeneration
HPRegen  0.21/turn              u - ring of see invisible
MPRegen  0.36/turn              r - +6 ring of strength

@: hasted, very quick
A: no striking features
a: Upheaval, Renounce Religion


You were on level 6 of the Dungeon.
You worshipped Qazlal.
Qazlal was pleased with you.
You visited 2 branches of the dungeon, and saw 7 of its levels.

You collected 291 gold pieces.

Inventory:

Hand Weapons
 a - a +0 hand axe (weapon)
Armour
 m - a +0 pair of boots (worn)
 v - a +0 scale mail (worn)
Jewellery
 c - an uncursed amulet of faith
 n - an amulet of magic regeneration (around neck)
 r - a +6 ring of strength (right hand)
 u - a ring of see invisible (left hand)
 w - an uncursed ring of wizardry {unknown}
 y - an uncursed ring of poison resistance {unknown}
Wands
 l - a wand of acid (10)
Scrolls
 f - a scroll of fog {unknown}
 g - a scroll of magic mapping
 h - a scroll of random uselessness {unknown}
 i - 3 scrolls of teleportation
 k - a scroll of enchant weapon {unknown}
 o - a scroll of enchant armour {unknown}
 p - a scroll of immolation {unknown}
 s - a scroll of amnesia {unknown}
Potions
 b - 2 potions of brilliance
 d - a potion of ambrosia
 j - a potion of magic {unknown}
 q - a potion of flight {unknown}
 t - 2 potions of curing {unknown}
 z - a potion of lignification {unknown}


   Skills:
 + Level 5.8 Fighting
 + Level 8.8 Axes
 + Level 1.5 Throwing
 + Level 3.9 Armour
 + Level 4.1 Dodging
 + Level 2.3 Stealth
 + Level 0.1 Evocations


You had 7 spell levels left.
You didn't know any spells.
Your spell library contained the following spells:

 Spells                   Type           Power        Failure   Level
 Animate Skeleton         Necr           #.....       67%         1
 Apportation              Tloc           #.....       67%         1
 Corona                   Hex            #......      67%         1
 Magic Dart               Conj           #...         67%         1
 Summon Small Mammal      Summ           #...         67%         1
 Blink                    Tloc           N/A          82%         2
 Call Imp                 Summ           #.......     82%         2
 Slow                     Hex            #.......     82%         2
 Conjure Flame            Conj/Fire      #.......     96%         3
 Mephitic Cloud           Conj/Pois/Air  #.......     96%         3


Dungeon Overview and Level Annotations

Branches:
Dungeon (6/15)             Temple (1/1) D:4

Altars:
Ashenzari
Cheibriados
Dithmenos
Elyvilon
Fedhas
Gozag
Makhleb
Okawaru
Qazlal
Ru
Sif Muna
Uskayaw
Vehumet
Wu Jian
Xom
Zin
The Shining One


Message History

The ogre hits you with a +0 giant club!!
* * * LOW HITPOINT WARNING * * *
Unknown command.
Found a book of Cantrips.
A white imp comes into view.
The white imp shouts!
Found an escape hatch in the floor.
The white imp gestures at you. The puff of frost hits you.
* * * LOW HITPOINT WARNING * * *
Unknown command.
Okay, then.
The white imp closely misses you.
Unknown command.
Unknown command.
You feel yourself speed up. You block the white imp's attack.
Unknown command.
The white imp gestures at you. The puff of frost hits you!
You die...

###.#### #.#.##.# #..†...#
#.s....# #.#.##.# ##...###
#.#.##.# #...# #.#.##.#
#...# ## ##.#.##.# #...#
.#.. ........#####...####
.....####.#.###...5.........
....... #.#.....@...........
.....#.##.#.###...O......>..
.............######...#####
........#.#.# #...#
#.##......#.# #...#
#.####..###.# #...#
#..........[# ...#
...######.##### ##
#.########


You could see an ogre and a white imp.

Vanquished Creatures
  Edmund (D:5)
  A necrophage (D:4)
  2 ogres
  A centaur (D:5)
  A scorpion (D:4)
  An electric eel (D:6)
  A bullfrog skeleton (D:4)
  A jelly (D:5)
  An orc priest (D:5)
  A centaur skeleton (D:6)
  A gnoll shaman (D:5)
  2 hounds
  An iguana (D:5)
  4 worker ants
  A hound zombie (D:6)
  8 adders
  3 gnolls
  A shadow imp (D:6)
  An ufetubus (D:5)
  4 worms
  A dart slug (D:4)
  A leopard gecko (D:3)
  7 orcs
  5 giant cockroaches
  6 goblins
  10 hobgoblins
  2 jackals (D:2)
  A quokka (D:4)
  11 bats
  10 frilled lizards
  4 kobolds
  10 rats
105 creatures vanquished.

Notes
Turn   | Place    | Note
-------+----------+-------------------------------------------
     0 | D:1      | marklar909 the Hill Orc Monk began the quest for the Orb.
     0 | D:1      | Reached XP level 1. HP: 19/19 MP: 1/1
   244 | D:1      | Reached XP level 2. HP: 27/27 MP: 2/2
   731 | D:1      | Reached XP level 3. HP: 33/33 MP: 3/3
   919 | D:2      | Reached skill level 5 in Axes
  1638 | D:2      | Reached XP level 4. HP: 40/40 MP: 4/4
  2171 | D:3      | Found a hide-covered altar of Uskayaw.
  3572 | D:4      | Reached XP level 5. HP: 43/46 MP: 5/5
  3574 | D:4      | Reached skill level 1 in Throwing
  3874 | D:4      | Reached skill level 6 in Axes
  4126 | D:4      | Found a staircase to the Ecumenical Temple.
  4204 | D:4      | Noticed a necrophage
  4208 | Temple   | Entered the Ecumenical Temple
  4393 | Temple   | Became a worshipper of Qazlal Stormbringer
  4393 | Temple   | Reached * piety under Qazlal
  4393 | Temple   | Reached ** piety under Qazlal
  4419 | D:4      | Killed a necrophage
  4419 | D:4      | Reached skill level 1 in Armour
  4419 | D:4      | Reached XP level 6. HP: 40/53 MP: 6/6
  4895 | D:4      | Reached skill level 5 in Fighting
  4907 | D:4      | Reached XP level 7. HP: 53/61 MP: 7/7
  5084 | D:4      | Reached skill level 7 in Axes
  5282 | D:5      | Entered Level 5 of the Dungeon
  5363 | D:4      | HP: 3/61 [gnoll/+0 club (7)]
  6510 | D:5      | Found a glowing silver altar of Zin.
  7100 | D:5      | Found a snail-covered altar of Cheibriados.
  7100 | D:5      | Noticed Edmund
  7106 | D:5      | Reached skill level 8 in Axes
  7106 | D:5      | Reached XP level 8. HP: 61/69 MP: 8/8
  7126 | D:5      | Killed Edmund
  7127 | D:5      | Found an iron altar of Okawaru.
  7127 | D:5      | Found a radiant altar of Vehumet.
  7250 | D:5      | Found a shimmering altar of Xom.
  7250 | D:5      | Found a shadowy altar of Dithmenos.
  7250 | D:5      | Found a snail-covered altar of Cheibriados.
  7554 | D:6      | HP: 3/70 [white imp/puff of frost (5)]
  7562 | D:6      | Killed from afar by a white imp

Illustrated notes

Levels and vault maps discovered:
D:1:      dpeg_arrival_shelter, layout_rooms, chequers_serial_rivers_marsh,
          glass_columns_c
D:2:      layout_basic
D:3:      layout_loops_ring, eat_drink_and_be_merry_uskayaw
D:4:      layout_gridville, minmay_temple_entry_butterflies
D:5:      minmay_inner_zag, layout_loops_ring, basic_altar,
          kennysheep_cross_room, doesnt_xom_only_xom, uniq_edmund
D:6:      layout_loops_cross, nicolae_overflow_crystal_walls,
          nicolae_lava_and_water, uniq_grinder
Temple:   nicolae_temple_figure_eight

Skill      XL: |  1  2  3  4  5  6  7  8 |
---------------+-------------------------+-----
Fighting       | 4 5 |  5.8
Axes           | 5 6 8 |  8.8
Throwing       | 1 |  1.5
Dodging        | 3 4 |  4.1
Stealth        | 2 |  2.3
Armour         | 1 2 3 |  3.9
Evocations     | |  0.1

Action                   |  1- 3 |  4- 6 |  7- 9 || total
-------------------------+-------+-------+-------++-------
Melee: Hand axe          |   118 |   179 |   164 ||   461
Throw: Boomerang         |    23 |    29 |       ||    52
Evoke: Wand              |       |     1 |     1 ||     2
  Use: Scroll            |     1 |     5 |     3 ||     9
       Potion            |       |       |     1 ||     1
 Stab: Sleeping          |     3 |     2 |       ||     5
Armor: Robe              |    24 |    16 |       ||    40
       Leather armour    |       |    14 |    17 ||    31
       Scale mail        |       |       |    20 ||    20
Dodge: Dodged            |    84 |   126 |    80 ||   290
Block: Other             |       |     5 |    17 ||    22

Table legend: (Time is in decaauts)
 A = Elapsed time spent in this place.
 B = Non-inter-level travel time spent in this place.
 C = Inter-level travel time spent in this place.
 D = Time resting spent in this place.
 E = Time spent auto-exploring this place.
 F = Levels seen in this place.
 G = Mean time per level.
                   A        B        C        D        E       F      G
               +--------+--------+--------+--------+--------+-----+--------+
         Total |   7578 |   7183 |    395 |   1626 |   4534 |   7 | 1082.6 |
       Dungeon |   7378 |   6997 |    381 |   1626 |   4353 |   6 | 1229.7 |
        Temple |    199 |    185 |     14 |      0 |    181 |   1 |  199.0 |
               +--------+--------+--------+--------+--------+-----+--------+

Top non-repeatable levels by time:
     D:4: 2338 daAuts
     D:3: 1431 daAuts
     D:2: 1357 daAuts
     D:5: 1259 daAuts
     D:1: 817 daAuts
  Temple: 199 daAuts
     D:6: 173 daAuts
